 Dungeon Crawl Stone Soup version 0.27.1-33-g824d729ab1 (webtiles) character file.

Game seed: 9451658221314879611

3466 hilljack the Grave Robber (level 9, 0/39 (47) HPs)
             Began as a Deep Elf Ice Elementalist on Dec 14, 2021.
             Was a Follower of Vehumet.
             Slain by a wight (1 damage)
             ... on level 7 of the Dungeon.
             The game lasted 00:25:35 (10781 turns).

hilljack the Grave Robber (DEIE)                   Turns: 10781, Time: 00:25:35

HP:   0/39 (47)     AC: 16    Str:  5    XL:     9   Next: 78%
MP:   4/18          EV: 13    Int: 24    God:    Vehumet [*.....]
Gold: 329           SH:  7    Dex: 15    Spells: 6/18 levels left

rFire    . . .     SeeInvis .   o - +2 short sword (freeze)
rCold    . . .     Faith    .   l - +2 buckler
rNeg     . . .     Spirit   .   a - +0 steam dragon scales
rPois    .         Reflect  .   (no helmet)
rElec    .         Harm     .   n - +1 cloak {Stlth+}
rCorr    +         Rampage  .   (no gloves)
Will     .....                  (no boots)
Stlth    +++.......             (no amulet)
HPRegen  0.13/turn              i - ring of resist corrosion
MPRegen  0.16/turn              (no ring)

@: ice-armoured, very slightly contaminated, heavily drained
A: no striking features
a: Renounce Religion


You were on level 7 of the Dungeon.
You worshipped Vehumet.
Vehumet was aware of your devotion.
You visited 2 branches of the dungeon, and saw 8 of its levels.
You also visited: Ossuary.

You collected 329 gold pieces.

Inventory:

Hand Weapons
 k - a +4 short sword
 m - a +5 quarterstaff of chaos
 o - a +2 short sword of freezing (weapon)
Missiles
 u - 5 boomerangs of dispersal
Armour
 a - +0 steam dragon scales (worn)
 l - a +2 buckler (worn)
 n - a +1 cloak of stealth (worn)
 q - a +2 leather armour of fire resistance
Magical Staves
 c - a staff of air
Jewellery
 i - a ring of resist corrosion (left hand)
Wands
 d - a wand of charming (2)
 g - a wand of iceblast (7)
 w - a wand of flame (18)
Scrolls
 b - 2 scrolls of holy word
 e - a scroll of torment
 j - 4 scrolls of teleportation
 p - 2 scrolls of identify
 r - a scroll of enchant armour
 s - 2 scrolls of enchant weapon
Potions
 f - a potion of resistance
 h - a potion of haste
 t - 3 potions of lignification
 v - 3 potions of cancellation


   Skills:
 - Level 1.3 Fighting
 - Level 5.9 Armour
 - Level 3.4 Dodging
 - Level 2.4 Stealth
 - Level 5.0 Shields
 - Level 5.1 Spellcasting
 + Level 7.1 Necromancy
 - Level 5.8 Ice Magic
 + Level 6.4 Earth Magic


You had 6 spell levels left.
You knew the following spells:

 Your Spells              Type           Power      Damage    Failure   Level
a - Freeze                Ice            100%       1d11      1%          1
b - Frozen Ramparts       Ice            68%        1d8       2%          3
c - Ozocubu's Armour      Ice            34%        N/A       2%          3
d - Borgnjor's Vile Clut  Necr/Erth      19%        N/A       14%         5

Your spell library contained the following spells:

 Spells                   Type           Power      Damage    Failure   Level
 Sandblast                Erth           74%        2d16      1%          1
 Animate Dead             Necr           20%        N/A       4%          4
 Sting                    Tmut/Pois      24%        1d4       9%          1
 Poisonous Vapours        Pois/Air       12%        N/A       13%         2
 Hailstorm                Conj/Ice       20%        3d6       26%         4
 Death Channel            Necr           20%        N/A       58%         6
 Olgreb's Toxic Radiance  Pois           6%         N/A       65%         4


Dungeon Overview and Level Annotations

Branches:
Dungeon (7/15)             Temple (1/1) D:4         Ossuary (visited)

Altars:
Ashenzari
Cheibriados
Dithmenos
Elyvilon
Hepliaklqana
Kikubaaqudgha
Makhleb
Nemelex Xobeh
Okawaru
Qazlal
Ru
Sif Muna
Trog
Uskayaw
Vehumet
Wu Jian
Xom
Yredelemnul
Zin
The Shining One

Shops:
D:2 (   D:5 :


Message History

The wight is almost destroyed.
The wight completely resists.
The wall freezes the wight but does no damage.
The wight resists.
The wall freezes the wight.
The wight hits you but does no damage.
You hit the wight but do no damage.
The wight is almost destroyed.
The wight resists.
The wall freezes the wight.
The wight resists.
The wall freezes the wight.
You destroy the wight!
Vehumet accepts your kill.
The frozen ramparts melt away.
You hit the wight but do no damage.
The wight is heavily damaged.
You block the wight's attack.
You barely miss the wight.
The wight is heavily damaged.
The wight hits you with a +4 mace.
You feel drained.
You hit the wight but do no damage.
The wight is heavily damaged.
The wight hits you with a +4 mace!
* * * LOW HITPOINT WARNING * * *
You feel drained.
* * * LOW HITPOINT WARNING * * *
Casting: Ozocubu's Armour (dangerous; 2% risk of failure)
Confirm with . or Enter, or press ? or * to list all spells.
Casting: Frozen Ramparts (dangerous; 2% risk of failure)
Press: ? - help, Dir - look around, f - activate You miscast Frozen Ramparts.
You are very lightly contaminated with residual magic.
Nothing appears to happen.
The wight hits you with a +4 mace.
* * * LOW HITPOINT WARNING * * *
You feel drained.
Casting: Frozen Ramparts (dangerous; 2% risk of failure)
Confirm with . or Enter, or press ? or * to list all spells.
Your icy armour thickens.
The wight hits you but does no damage. The wight hits you with a +4 mace.
* * * LOW HITPOINT WARNING * * *
You feel drained.
You die...

#########
#...@z).#
#.#####.# #.#
.# ######.# .#
#......# .. #
#.####.#####.#
# #.##
#.......# #
#..# #)....###
#########.#
#######


You could see a wight.

Vanquished Creatures
  Joseph (D:7)
  Grinder (D:6)
  2 steam dragons (D:6)
  2 water moccasins
  A black bear (D:6)
  3 sky beasts
  4 necrophages
  An ice beast (D:7)
  2 elf zombies (Ossuary)
  Blork the orc (D:6)
  3 scorpions
  2 wyvern zombies
  5 wights (D:7)
  A bullfrog zombie (D:6)
  5 centaur zombies
  2 human zombies (Ossuary)
  A hound (D:5)
  A jelly (D:5)
  A gnoll shaman (D:7)
  A bullfrog skeleton (D:6)
  2 orc priests
  A centaur skeleton (D:6)
  Crazy Yiuf (D:3)
  3 iguanas
  2 orc wizards (D:4)
  Natasha (thrice) (D:2)
  2 mummies (Ossuary)
  8 gnolls (D:7)
  3 adders
  A white imp (D:5)
  A worm zombie (D:4)
  3 adder zombies (Ossuary)
  A worm (D:3)
  A dart slug (D:1)
  15 orcs
  6 ball pythons
  8 endoplasms
  3 giant cockroaches (D:2)
  7 goblins
  9 hobgoblins
  5 jackals
  5 quokkas
  3 bats
  3 frilled lizards
  A goblin zombie (Ossuary)
  4 hobgoblin zombies (Ossuary)
  7 kobolds
  13 kobold zombies (Ossuary)
  9 orc zombies (Ossuary)
  4 rats
  A rat zombie (Ossuary)
175 creatures vanquished.

Notes
Turn   | Place    | Note
-------+----------+-------------------------------------------
     0 | D:1      | hilljack the Deep Elf Ice Elementalist began the quest for
                  | the Orb.
     0 | D:1      | Reached XP level 1. HP: 10/10 MP: 6/6
   154 | D:1      | Reached XP level 2. HP: 15/15 MP: 5/8
   177 | D:1      | Reached skill level 5 in Ice Magic
  1289 | D:1      | Reached XP level 3. HP: 18/19 MP: 5/9
  1523 | D:2      | Learned a level 3 spell: Frozen Ramparts
  1527 | D:2      | Learned a level 3 spell: Ozocubu's Armour
  1581 | D:2      | Noticed Natasha
  1589 | D:2      | Killed Natasha
  1857 | D:2      | Reached XP level 4. HP: 19/24 MP: 8/11
  2063 | D:2      | Noticed Natasha
  2077 | D:2      | Killed Natasha
  2078 | D:2      | Reached skill level 1 in Fighting
  2098 | D:2      | Noticed Natasha
  2101 | D:2      | Killed Natasha
  2327 | D:2      | Reached XP level 5. HP: 29/29 MP: 5/12
  2453 | D:2      | Found Depnigeq's Weapon Boutique.
  2730 | D:2      | Learned a level 5 spell: Borgnjor's Vile Clutch
  3233 | D:3      | Reached skill level 1 in Necromancy
  3233 | D:3      | Reached skill level 1 in Earth Magic
  3375 | D:3      | Noticed a necrophage
  3390 | D:3      | Killed a necrophage
  3391 | D:3      | Reached skill level 1 in Shields
  3391 | D:3      | Reached XP level 6. HP: 13/34 MP: 6/14
  3630 | D:3      | Found an iron altar of Okawaru.
  3828 | D:3      | Found a runed translucent door.
  3829 | D:3      | Noticed Crazy Yiuf
  4008 | D:3      | Killed Crazy Yiuf
  4343 | D:4      | Found a sand-covered staircase.
  4360 | Ossuary  | Entered an ossuary
  4869 | Ossuary  | Reached XP level 7. HP: 27/38 MP: 10/15
  5874 | D:4      | Found a staircase to the Ecumenical Temple.
  5883 | Temple   | Entered the Ecumenical Temple
  5983 | Temple   | Became a worshipper of Vehumet
  6051 | D:5      | Entered Level 5 of the Dungeon
  6082 | D:5      | Reached skill level 5 in Shields
  6232 | D:5      | Reached skill level 5 in Spellcasting
  6378 | D:5      | Found a white marble altar of Elyvilon.
  6473 | D:5      | Found Titum's Book Emporium.
  6507 | D:5      | Reached skill level 1 in Armour
  6855 | D:5      | Found a shadowy altar of Dithmenos.
  6876 | D:5      | Reached XP level 8. HP: 41/43 MP: 11/17
  7224 | D:6      | Noticed Grinder
  7225 | D:6      | Paralysed by Grinder for 6 turns
  7454 | D:6      | Paralysed by Grinder for 7 turns
  7483 | D:6      | Paralysed by Grinder for 4 turns
  7495 | D:6      | Killed Grinder
  7496 | D:6      | Reached skill level 5 in Armour
  8125 | D:6      | Reached skill level 2 in Necromancy
  8221 | D:6      | Reached skill level 3 in Necromancy
  8221 | D:6      | Reached XP level 9. HP: 41/47 MP: 11/18
  8320 | D:6      | Found a stormy altar of Qazlal.
  8444 | D:6      | Found a sparkling altar of Nemelex Xobeh.
  8501 | D:6      | Reached * piety under Vehumet
  8501 | D:6      | Offered knowledge of Sandblast by Vehumet.
  8595 | D:6      | Noticed Blork the orc
  8604 | D:6      | Killed Blork the orc
  8605 | D:6      | Reached skill level 4 in Necromancy
  8753 | D:6      | Found a hazy altar of Hepliaklqana.
  8877 | D:6      | Found an ornate altar of the Wu Jian Council.
  8877 | D:6      | Found a bloodstained altar of Trog.
  9104 | D:7      | Noticed Joseph
  9190 | D:7      | Reached skill level 5 in Necromancy
  9563 | D:7      | Killed Joseph
  9564 | D:7      | Reached skill level 6 in Necromancy
  9564 | D:7      | Reached skill level 5 in Earth Magic
 10418 | D:7      | Reached skill level 7 in Necromancy
 10781 | D:7      | HP: 1/40 [wight (3)]
 10781 | D:7      | Slain by a wight

Illustrated notes

Levels and vault maps discovered:
D:1:      matt_arrival_refuge, layout_basic
D:2:      layout_basic, serial_shops, shop, kennysheep_generic_room_8,
          uniq_natasha
D:3:      layout_basic, kennysheep_okawaru_gauntlet, serial_glass,
          glass_columns_a, glass_columns_a, minmay_strange_pillars,
          item_on_display_a, feat_on_display, uniq_crazy_yiuf_cottage
D:4:      layout_basic, lemuel_temple_firewalk_b, gup_sewer_entry_glass,
          enter_ossuary_3
D:5:      layout_loops_cross, general_overflow_altar, lemuel_crystal_altar,
          serial_shops, nicolae_shop_window_shopping
D:6:      cheibrodos_steamvent, layout_basic, nicolae_overflow_crystal_walls,
          mainiacjoe_overflow_divided_tiny, lemuel_crystal_altar,
          lemuel_round_altar, uniq_blork_the_orc, uniq_grinder
D:7:      layout_loops_cross, uniq_joseph
Temple:   nicolae_temple_hex_pool

Skill      XL: |  1  2  3  4  5  6  7  8  9 |
---------------+----------------------------+-----
Ice Magic      | 5 |  5.8
Dodging        | 3 |  3.4
Fighting       | 1 |  1.3
Spellcasting   | 4 5 |  5.1
Necromancy     | 1 3 7 |  7.1
Earth Magic    | 1 2 6 |  6.4
Shields        | 1 3 5 |  5.0
Armour         | 2 5 |  5.9
Stealth        | |  2.4

Action                   |  1- 3 |  4- 6 |  7- 9 || total
-------------------------+-------+-------+-------++-------
Melee: Dagger            |     7 |    42 |       ||    49
       Short sword       |       |   130 |   302 ||   432
       Unarmed           |       |       |     6 ||     6
       Staff             |       |       |    61 ||    61
 Cast: Freeze            |    46 |    11 |     9 ||    66
       Frozen Ramparts   |       |    29 |    58 ||    87
       Ozocubu's Armour  |       |    11 |    38 ||    49
       Borgnjor's Vile C |       |       |    10 ||    10
  Use: Scroll            |     1 |     5 |     6 ||    12
       Potion            |       |       |    11 ||    11
 Stab: Sleeping          |     1 |     9 |     6 ||    16
Armor: Robe              |     4 |    63 |    45 ||   112
       Leather armour    |       |       |    49 ||    49
       Steam dragon scal |       |       |    97 ||    97
       Skin              |       |       |     3 ||     3
Dodge: Dodged            |    22 |   102 |   203 ||   327
Block: Buckler           |       |    53 |   155 ||   208
